 Dungeon Crawl Stone Soup version 0.19.0-19-g8c6edcc (console) character file.

37 Frenchkiss the Ducker (level 3, -1/35 HPs)
             Began as a Troll Warper on Nov 13, 2016.
             Slain by a gnoll
             ... wielding a +0 whip
              (8 damage)
             ... on level 1 of the Dungeon.
             The game lasted 00:01:08 (770 turns).

Frenchkiss the Ducker (Troll Warper)                 Turns: 770, Time: 00:01:08

Health: -1/35      AC:  5    Str: 20    XL:     3   Next: 21%
Magic:  4/4        EV: 10    Int:  9    God:
Gold:   45         SH:  0    Dex:  9    Spells: 2 memorised, 1 level left

rFire  + . .     SeeInvis .       - Unarmed
rCold  x . .     Gourm    +     a - +0 robe
rNeg   . . .     Faith    .     (no shield)
rPois  .         Spirit   .     (helmet restricted)
rElec  .         Reflect  .     (no cloak)
rCorr  .         Harm     .     (gloves unavailable)
MR     .....                    (boots unavailable)
Stlth  +.........               (no amulet)
                                (no ring)
                                g - ring of fire

@: no status effects
A: unfitting armour, claws 3, fast metabolism 3, gourmand, regeneration 1,
shaggy fur 1, tough skin 2
a: no special abilities


You were on level 1 of the Dungeon.
You were very hungry.

You visited 1 branch of the dungeon, and saw 2 of its levels.

You collected 45 gold pieces.

Inventory:

Missiles
 d - 5 tomahawks of dispersal (quivered)
Armour
 a - a +0 robe (worn)
Jewellery
 g - a ring of fire (left claw)
Scrolls
 c - a scroll of blinking
 e - 2 scrolls of identify {unknown}
 h - a scroll of enchant armour {unknown}
 j - a scroll of fear {unknown}
Books
 b - a book of Spatial Translocations

   Spells                             Type                      Level
   a - Blink                          Translocation                2
   b - Shroud of Golubria             Charms/Translocation         2
   c - Lesser Beckoning               Translocation                3
   d - Portal Projectile              Translocation                3
   e - Teleport Other                 Translocation                3
   f - Passage of Golubria            Translocation                4
Comestibles
 f - 3 bread rations
 i - a royal jelly


   Skills:
 + Level 1.7 Fighting
 + Level 0.8 Throwing
 + Level 2.3 Dodging
 * Level 2.3 Unarmed Combat
 + Level 1.5 Spellcasting
 * Level 2.3 Translocations


You had one spell level left.
You knew the following spells:

 Your Spells              Type           Power        Failure   Level  Hunger
a - Blink                 Tloc           N/A          21%         2    ###....
b - Shroud of Golubria    Chrm/Tloc      #.........   34%         2    ###....


Dungeon Overview and Level Annotations

Branches:
Dungeon (2/15)

Altars:


Innate Abilities, Weirdness & Mutations

You are too large for most types of armour.
You have claws for hands.
Your metabolism is lightning-fast.
You like to eat raw meat.
Your natural rate of healing is unusually fast.
You are covered in fur. (AC +1)
You have very tough skin. (AC +2)


Message History

Things that are here:
a club; a hobgoblin corpse
There is an escape hatch in the floor here.
There is a stone staircase leading up here.
The gnoll barely misses you.
You climb upwards.
There is a stone staircase leading down here.
You closely miss the gnoll. The gnoll hits you with a whip!
* * * LOW HITPOINT WARNING * * *
You claw the gnoll!
The gnoll is heavily wounded.
The gnoll hits you with a whip.
* * * LOW HITPOINT WARNING * * *
You scratch the gnoll.
The gnoll is almost dead.
The gnoll barely misses you.
You scratch the gnoll but do no damage.
The gnoll is almost dead.
The gnoll hits you with a whip!
You die...

#.#.#.#####.#.#.#
#.#.#.......#.#.#
######.#....######.#.#
.......#...........#.#
####...##.######...#.#
..........# #.#.#.#
###.####### #.#...#
..#.......# #.#####
#.#######.# #.#
......#.#.######g#
#####.#.#.#.....@#
#.......#.#.######
#.#####.#.#.#
......#...#.#
########.##.#
..........#.#
##.######.#.#
.#.#<.....#.#
###########.#
.[..........#
.############


You could see a gnoll.

Vanquished Creatures
  A gnoll (D:1)
  2 oozes
  A dart slug (D:1)
  3 goblins
  2 hobgoblins
  A quokka (D:2)
  A ball python (D:2)
  3 bats
  2 kobolds (D:1)
  2 rats (D:1)
18 creatures vanquished.

Notes
Turn   | Place    | Note
-------+----------+-------------------------------------------
     0 | D:1      | Frenchkiss the Troll Warper began the quest for the Orb.
     0 | D:1      | Reached XP level 1. HP: 19/19 MP: 1/1
   300 | D:1      | Reached XP level 2. HP: 12/27 MP: 1/3
   361 | D:1      | Learned a level 2 spell: Blink
   388 | D:1      | Learned a level 2 spell: Shroud of Golubria
   683 | D:2      | Reached XP level 3. HP: 35/35 MP: 4/4
   770 | D:1      | Slain by a gnoll

Skill      XL: |  1 |
---------------+----+-----
Dodging        | 2 |  2.3
Fighting       | |  1.7
Throwing       | |  0.8
Unarmed Combat | |  2.3
Spellcasting   | |  1.5
Translocations | |  2.3

Action                   || total
-------------------------++-------
Melee: Unarmed           ||    55
  Use: Potion            ||     1
 Stab: Sleeping          ||     1
  Eat: Chunk             ||     3
Armor: Robe              ||    13
Dodge: Dodged            ||    23
